 Dungeon Crawl Stone Soup version 0.20-a0-1026-gc3ddcbd (webtiles) character file.

821 Jarlath the Thaumaturge (level 7, 0/40 HPs)
             Began as a Deep Elf Ice Elementalist on Apr 20, 2017.
             Slain by a bullfrog zombie (2 damage)
             ... on level 5 of the Dungeon.
             The game lasted 00:06:02 (4729 turns).

Jarlath the Thaumaturge (Deep Elf Ice Elementalist) Turns: 4729, Time: 00:06:03

Health: 0/40       AC:  5    Str:  5    XL:     7   Next: 63%
Magic:  24/24      EV: 12    Int: 22    God:
Gold:   171        SH:  0    Dex: 15    Spells: 18/30 levels left

rFire    . . .     SeeInvis .   l - +3 hand axe (freeze)
rCold    + . .     Gourm    .   (no shield)
rNeg     . . .     Faith    .   q - +1 leather armour
rPois    .         Spirit   .   m - +0 helmet
rElec    .         Reflect  .   (no cloak)
rCorr    .         Harm     .   (no gloves)
MR       .....                  (no boots)
Stlth    ++........             (no amulet)
Regen    0.6/turn               (no ring)
MPRegen  0.2/turn               (no ring)

@: no status effects
A: claws 1, cold resistance 1, regeneration 1
a: no special abilities


You were on level 5 of the Dungeon.
You were not hungry.

You visited 1 branch of the dungeon, and saw 5 of its levels.

You collected 171 gold pieces.

Inventory:

Hand Weapons
 l - a +3 hand axe of freezing (weapon)
Armour
 a - a +0 robe
 m - a +0 helmet (worn)
 q - a +1 leather armour (worn)
Jewellery
 u - an uncursed ring of protection from fire {unknown}
 v - a +6 ring of intelligence {unknown}
Scrolls
 d - 2 scrolls of remove curse
 j - 4 scrolls of identify
 o - a scroll of magic mapping
Potions
 i - a potion of curing
 w - a potion of cancellation
Books
 b - a book of Frost

   Spells                             Type                      Level
   a - Freeze                         Ice                          1
   b - Throw Frost                    Conjuration/Ice              2
   c - Ozocubu's Armour               Charms/Ice                   3
   d - Throw Icicle                   Conjuration/Ice              4
   e - Summon Ice Beast               Ice/Summoning                4
 e - a book of Maledictions

   Spells                             Type                      Level
   a - Corona                         Hexes                        1
   b - Ensorcelled Hibernation        Hexes/Ice                    2
   c - Confuse                        Hexes                        3
   d - Tukima's Dance                 Hexes                        3
   e - Dazzling Spray                 Conjuration/Hexes            3
Comestibles
 g - 2 meat rations
 h - 2 fruits


   Skills:
 - Level 2.6 Fighting
 - Level 2.7 Dodging
 - Level 2.5 Stealth
 - Level 12.3 Spellcasting
 + Level 7.1 Conjurations
 + Level 6.8 Summonings
 - Level 5.5 Ice Magic


You had 18 spell levels left.
You knew the following spells:

 Your Spells              Type           Power        Failure   Level  Hunger
a - Freeze                Ice            ####         1%          1    None
b - Ozocubu's Armour      Chrm/Ice       ####....     8%          3    None
c - Throw Icicle          Conj/Ice       #####...     5%          4    None
d - Summon Ice Beast      Ice/Summ       #####...     6%          4    None


Dungeon Overview and Level Annotations

Branches:
Dungeon (5/15)
 Temple: D:4-7

Altars:

Portals:
Abyss: D:1***

Annotations:
D:2 Natasha


Innate Abilities, Weirdness & Mutations

You have sharp fingernails.
Your flesh is cold resistant. (rC+)
Your natural rate of healing is unusually fast.


Message History

The bullfrog zombie barely misses you. The centaur zombie barely misses you.
The bullfrog zombie barely misses you.
You hit the centaur zombie.
The centaur zombie is severely damaged.
You barely miss the bullfrog zombie. You hit the bullfrog zombie.
The bullfrog zombie misses you. The centaur zombie hits you.
The bullfrog zombie hits you but does no damage.
The bullfrog zombie completely misses you.
The centaur zombie hits you. The bullfrog zombie hits you.
You slash the centaur zombie!
The centaur zombie is almost destroyed.
You hit the bullfrog zombie. x2; The bullfrog zombie hits you.
The centaur zombie hits you. The bullfrog zombie hits you. x2
Unknown command.
The centaur zombie closely misses you. The bullfrog zombie hits you.
* * * LOW HITPOINT WARNING * * *
The bullfrog zombie misses you. The centaur zombie hits you.
* * * LOW HITPOINT WARNING * * *
The bullfrog zombie hits you.
You die...

...#....# .#
..#..88# ..
...P..##.
..?....
#88... #....#
#[...# #..ZZ#
#...@# ##..Z#
#..§§§
.....§§§
........§Z§
..........§.
.........####
≈.......?.
≈Z.....$..


You could see 2 bullfrog zombies and a centaur zombie.

Vanquished Creatures
  A phantom (D:3)
  An ogre (D:4)
  A bullfrog skeleton (D:4)
  An orc priest (D:3)
  Terence (D:2)
  Natasha (twice) (D:2)
  A worker ant (D:4)
  4 adders
  7 oozes
  An adder skeleton (D:4)
  2 worms
  4 leopard geckos
  12 orcs
  11 bats
  A giant cockroach (D:1)
  8 hobgoblins
  9 jackals
  7 kobolds
  2 quokkas (D:4)
  2 frilled lizards
  8 goblins
  8 rats
94 creatures vanquished.

Notes
Turn   | Place    | Note
-------+----------+-------------------------------------------
     0 | D:1      | Jarlath the Deep Elf Ice Elementalist began the quest for the Orb.
     0 | D:1      | Reached XP level 1. HP: 10/10 MP: 6/6
   120 | D:1      | Reached XP level 2. HP: 12/15 MP: 4/8
   465 | D:1      | Reached XP level 3. HP: 10/19 MP: 3/10
   579 | D:1      | Learned a level 3 spell: Ozocubu's Armour
   769 | D:2      | Noticed Natasha
   775 | D:2      | Killed Natasha
   775 | D:2      | Reached skill level 4 in Spellcasting
   901 | D:2      | Reached XP level 4. HP: 24/24 MP: 6/12
   903 | D:2      | Noticed Terence
   910 | D:2      | Killed Terence
  1084 | D:2      | Reached skill level 5 in Ice Magic
  1546 | D:2      | Learned a level 4 spell: Throw Icicle
  1692 | D:2      | Noticed Natasha
  1709 | D:2      | Killed Natasha
  1709 | D:2      | Reached skill level 1 in Fighting
  1709 | D:2      | Reached XP level 5. HP: 24/29 MP: 10/14
  1841 | D:2      | Noticed Natasha
  2424 | D:3      | Learned a level 4 spell: Summon Ice Beast
  3226 | D:4      | Noticed an ogre
  3455 | D:4      | Gained mutation: Your natural rate of healing is unusually fast. [potion of mutation]
  3455 | D:4      | Gained mutation: You have sharp fingernails. [potion of mutation]
  3455 | D:4      | Gained mutation: Your flesh is cold resistant. (rC+) [potion of mutation]
  3481 | D:4      | Killed an ogre
  3481 | D:4      | Reached skill level 5 in Spellcasting
  3481 | D:4      | Reached XP level 6. HP: 36/36 MP: 12/15
  3767 | D:3      | Reached skill level 12 in Spellcasting
  3767 | D:3      | Reached XP level 7. HP: 32/40 MP: 15/24
  4435 | D:5      | Entered Level 5 of the Dungeon
  4729 | D:5      | HP: 2/40 [centaur zombie (6)]
  4729 | D:5      | Slain by a bullfrog zombie

Vault maps used:
D:1:      minmay_arrival_glassed_features, minmay_pentomino_p4
D:2:      uniq_terence, uniq_natasha
D:3:      grunt_decor_cap
D:4:      minmay_misc_feat_chi, small_statue_intersection
D:5:      makhleb_heckhound_becter, first_bread, serial_undead, serial_undead_e,
          serial_undead_e, serial_undead_b, serial_undead_a, serial_undead_c,
          serial_undead_f, serial_undead_e, serial_undead_e

Skill      XL: |  1  2  3  4  5  6  7 |
---------------+----------------------+-----
Ice Magic      | 4 5 |  5.5
Spellcasting   | 4 5 12 | 12.3
Fighting       | 1 2 |  2.6
Conjurations   | 6 7 |  7.1
Summonings     | 6 |  6.8
Dodging        | |  2.7
Stealth        | |  2.5

Action                   |  1- 3 |  4- 6 |  7- 9 || total
-------------------------+-------+-------+-------++-------
Melee: Unarmed           |     4 |       |       ||     4
       Hand axe          |       |   158 |    23 ||   181
 Cast: Freeze            |    46 |    27 |       ||    73
       Ozocubu's Armour  |     1 |     1 |       ||     2
       Throw Icicle      |       |       |    16 ||    16
  Use: Potion            |     1 |     7 |       ||     8
       Scroll            |       |     8 |       ||     8
 Stab: Sleeping          |       |     6 |     1 ||     7
  Eat: Chunk             |       |     6 |       ||     6
       Bread ration      |       |     1 |     1 ||     2
Armor: Robe              |     8 |    10 |       ||    18
       Leather armour    |       |    27 |     5 ||    32
Dodge: Dodged            |    26 |   148 |    36 ||   210
